AoeStats
← tboss

Arena

510955735Analyzed
4v4 RM · 6h ago on Oct 3, 2026· 55m 15s· 8 players
Game mode
Random Map
Map size
Large (8 player)
Population
200
Speed
Normal
Resources
Standard
Victory
Conquest
Starting age
Dark Age
Ending age
Imperial Age
RankedLock teamsTeams togetherTeam positionsShared explorationLock speedFull tech treeHidden civsTurbo modeCheats
Victory
Defeat
🇹🇼 Celts · Taiwan
1096
+14
🇹🇼 Goths · Taiwan
1064
+16
🇹🇼 Franks · Taiwan
1047
+16
🇹🇼 Hindustanis · Taiwan
1021
+18
🇬🇧 Mongols · United Kingdom
1090
-17
🇨🇱 Malay · Chile
1067
-16
1048
-16
🇨🇦 Armenians · Canada
1029
-15
mathias.olmos.r
14:32 Feudal Age
17:48 Castle Age
20:28 Double-Bit Axe
20:37 Horse Collar
21:54 Loom
21:58 Town Watch
22:00 Loom
23:45 Gold Mining
29:15 Forging
33:48 Fletching
33:39 Crossbowman
36:56 Town Patrol
40:23 Stone Mining
DR GUS GLITTERGELPEN BILDORDER Ⅷ
10:18 Feudal Age
11:28 Double-Bit Axe
16:02 Castle Age
14:31 Horse Collar
16:11 Wheelbarrow
19:09 Bow Saw
19:30 Forging
23:34 Pikeman
25:11 Squires
27:11 Scale Mail Armor
28:32 Chain Mail Armor
29:11 Iron Casting
35:09 Imperial Age
33:37 Arson
36:38 Conscription
36:50 Plate Mail Armor
37:20 Blast Furnace
37:00 Halberdier
38:47 Elite Samurai
tboss
0:34 Loom
11:25 Feudal Age
15:27 Castle Age
13:48 Double-Bit Axe
13:45 Horse Collar
15:22 Gold Mining
16:38 Bow Saw
17:23 Heavy Plow
20:43 Wheelbarrow
22:46 Hand Cart
23:08 Squires
24:03 Gold Shaft Mining
24:04 Pikeman
24:37 Gambesons
24:12 Man-at-Arms
24:55 Stone Mining
25:17 Scale Mail Armor
24:54 Long Swordsman
26:29 Chain Mail Armor
26:02 Two-Handed Swordsman
26:30 Arson
27:11 Forging
27:04 Town Watch
29:35 Iron Casting
33:15 Imperial Age
30:44 Murder Holes
31:03 Champion
34:08 Fereters
34:24 Conscription
34:42 Plate Mail Armor
35:12 Blast Furnace
35:00 Ballistics
35:42 Fortified Wall
35:10 Pikeman
36:10 Halberdier
36:56 Fletching
39:20 Bodkin Arrow
45:09 Bracer
45:08 Capped Ram
46:41 Siege Ram
[SKY] strider
7:16 Loom
7:22 Loom
9:07 Feudal Age
15:45 Castle Age
19:09 Wheelbarrow
19:14 Double-Bit Axe
27:14 Fletching
32:05 Bodkin Arrow
35:14 Imperial Age
33:12 Scale Barding Armor
34:48 Chain Barding Armor
34:31 Padded Archer Armor
34:55 Husbandry
34:20 Light Cavalry
36:17 Conscription
36:25 Forging
37:17 Bloodlines
36:58 Hussar
39:11 Leather Archer Armor
42:20 Nomads
布朗勾勾
1:47 Loom
12:21 Feudal Age
16:05 Castle Age
14:21 Town Watch
16:16 Fletching
37:28 Pikeman
42:36 Scale Mail Armor
42:44 Bodkin Arrow
43:39 Double-Bit Axe
44:23 Scale Mail Armor
46:10 Wheelbarrow
48:34 Imperial Age
46:17 Forging
46:23 Chain Mail Armor
49:30 Squires
48:53 Halberdier
50:44 Bow Saw
51:30 Conscription
52:57 Perfusion
55:25 Two-Man Saw
林莫臣
11:21 Feudal Age
12:46 Double-Bit Axe
15:20 Castle Age
13:17 Stone Mining
15:53 Wheelbarrow
15:04 Loom
31:03 Imperial Age
28:29 Gold Mining
29:01 Hand Cart
30:02 Gold Shaft Mining
29:39 Bow Saw
29:48 Treadmill Crane
30:21 Fortified Wall
31:25 Scale Barding Armor
31:30 Forging
31:22 Husbandry
31:14 Cavalier
33:22 Chain Barding Armor
33:37 Iron Casting
33:31 Conscription
33:10 Paladin
35:09 Plate Barding Armor
34:53 Scale Mail Armor
38:16 Blast Furnace
43:44 Elite Throwing Axeman
44:18 Fletching
44:51 Ballistics
45:32 Chemistry
47:59 Bodkin Arrow
48:14 Murder Holes
52:43 Squires
52:32 Arson
52:37 Gambesons
aoechuan28
10:53 Feudal Age
15:31 Castle Age
13:43 Horse Collar
13:57 Double-Bit Axe
16:48 Bow Saw
16:59 Heavy Plow
20:13 Wheelbarrow
25:54 Hand Cart
25:25 Town Watch
25:52 Pikeman
27:20 Fletching
27:30 Scale Mail Armor
28:27 Bodkin Arrow
30:15 Forging
33:25 Loom
34:38 Town Patrol
35:05 Fortified Wall
35:16 Ballistics
35:41 Chain Mail Armor
40:38 Imperial Age
39:44 Iron Casting
41:54 Conscription
41:55 Furor Celtica
42:21 Hoardings
42:42 Plate Mail Armor
43:13 Blast Furnace
41:54 Heavy Scorpion
43:16 Stronghold
46:30 Chemistry
45:26 Murder Holes
45:42 Masonry
45:55 Capped Ram
48:18 Siege Engineers
48:39 Masonry
Copam
12:02 Feudal Age
12:37 Loom
14:18 Double-Bit Axe
16:55 Castle Age
16:00 Horse Collar
16:12 Gold Mining
16:12 Stone Mining
19:53 Wheelbarrow
23:11 Pikeman
23:17 Man-at-Arms
25:45 Town Watch
30:46 Squires
30:08 Long Swordsman
40:13 Imperial Age
39:24 Forging
39:05 Fletching
39:16 Scale Mail Armor
39:59 Murder Holes
40:25 Ballistics
40:25 Grand Trunk Road
42:05 Conscription
43:20 Chain Mail Armor
43:41 Iron Casting
43:19 Two-Handed Swordsman
45:21 Champion
47:45 Shatagni
47:55 Arson
50:18 Bow Saw
50:11 Heavy Plow
50:52 Elite Ghulam
54:10 Blast Furnace
53:11 Padded Archer Armor
53:17 Scale Barding Armor
55:13 Hand Cart
54:58 Town Patrol
55:13 Masonry
56:04 Chemistry
Connection lost

Rejoining the realm…

Still unreachable

The connection could not be restored.

Session expired

The server has moved on; the page needs a fresh start.